 Dungeon Crawl Stone Soup version 0.26-a0-707-g31817bcca1 (webtiles) character file.

Game seed: 5031084172747234222

795 lunkers the Skirmisher (level 7, 0/76 HPs)
             Began as an Ogre Fighter on Oct 26, 2020.
             Was a Priest of Ru.
             Slain by a bullfrog zombie (4 damage)
             ... on level 5 of the Dungeon.
             The game lasted 00:07:55 (5568 turns).

lunkers the Skirmisher (Ogre Fighter)               Turns: 5568, Time: 00:07:56

Health: 0/76       AC:  5    Str: 29    XL:     7   Next: 89%
Magic:  7/7        EV:  7    Int:  9    God:    Ru [***...]
Gold:   318        SH:  9    Dex:  8    Spells: 6/6 levels left

rFire    . . .     SeeInvis .   a - +0 war axe
rCold    . . .     Faith    .   c - +0 kite shield
rNeg     + . .     Spirit   .   b - +0 robe
rPois    .         Reflect  .   D - +2 hat
rElec    .         Harm     .   (no cloak)
rCorr    .         Rampage  .   (gloves unavailable)
MR       .....                  (boots unavailable)
Stlth    +.........             (no amulet)
HPRegen  0.22/turn              g - ring of positive energy
MPRegen  0.10/turn              r - +6 ring of strength

@: no status effects
A: large, unfitting armour, tough skin 1, inability to train dodging, unskilled
1
a: Draw Out Power, Renounce Religion


You were on level 5 of the Dungeon.
You worshipped Ru.
Ru was most pleased with you.
You visited 1 branch of the dungeon, and saw 5 of its levels.

You collected 318 gold pieces.

Inventory:

Hand Weapons
 a - a +0 war axe (weapon)
Missiles
 e - 120 stones (quivered)
 n - 8 silver javelins
 s - 3 boomerangs
 y - 2 silver boomerangs
 z - 7 datura-tipped darts
Armour
 b - a +0 robe (worn)
 c - a +0 kite shield (worn)
 D - a +2 hat (worn)
Jewellery
 g - a ring of positive energy (left hand)
 r - a +6 ring of strength (right hand)
 B - an uncursed ring of resist corrosion {unknown}
 G - an uncursed ring of protection from cold {unknown}
Wands
 w - a wand of disintegration (5)
Scrolls
 h - a scroll of blinking {unknown}
 j - 2 scrolls of magic mapping {unknown}
 k - 6 scrolls of remove curse {unknown}
 m - 4 scrolls of identify {unknown}
 p - 6 scrolls of enchant weapon {unknown}
 x - 3 scrolls of teleportation {unknown}
 E - 2 scrolls of fog {unknown}
 F - a scroll of amnesia {unknown}
Potions
 d - a potion of might
 f - 3 potions of curing {unknown}
 i - 2 potions of mutation {unknown}
 l - 4 potions of degeneration {unknown}
 o - 2 potions of haste {unknown}
 q - 2 potions of heal wounds {unknown}
 t - 2 potions of stabbing {unknown}
 u - a potion of ambrosia {unknown}
 v - 2 potions of invisibility {unknown}
 A - a potion of brilliance {unknown}
 C - a potion of lignification {unknown}


   Skills:
 + Level 6.9 Fighting
 * Level 6.6 Axes
 - Level 2.4 Shields


You had 6 spell levels left.
You didn't know any spells.
Your spell library was empty.

Dungeon Overview and Level Annotations

Branches:
Dungeon (5/15)
 Temple: D:4-7

Altars:
Ashenzari
Gozag
Kikubaaqudgha
Makhleb
Ru

Shops:
D:2 *


Innate Abilities, Weirdness & Mutations

You are too large for most types of armour.
You have tough skin. (AC +1)
You cannot train Dodging skill.
You are somewhat unskilled. (-1 Apt)


Message History

You block the centaur's attack.
You redirect the centaur's attack!
The centaur closely misses the bullfrog zombie.
You slice the centaur!!
You kill the centaur!
You hit the bullfrog zombie.
The bullfrog zombie is lightly damaged.
You block the bullfrog zombie's attack. The bullfrog zombie closely misses you.
You slash the bullfrog zombie!
The bullfrog zombie is heavily damaged.
The bullfrog zombie hits you.
* * * LOW HITPOINT WARNING * * *
You block the bullfrog zombie's attack.
You hit the bullfrog zombie.
The bullfrog zombie is heavily damaged.
The bullfrog zombie barely misses you.
You slash the bullfrog zombie!
The bullfrog zombie is almost destroyed.
The bullfrog zombie hits you.
You die...

#.#.....#.###..#####
###.#.....#.###..#####
...>.................#
#######.......#..#####
###############..#
#####
.................#
#.###....
################.#
#........ #.# #....
#@# #.... #Z# #....
#'# #.... ... #....
..... #.... #......
#.... #....[.. #####
'........ ##.).......


You could see a bullfrog zombie.

Vanquished Creatures
  An ice beast (D:5)
  A phantom (D:5)
  An ogre (D:4)
  A black bear (D:4)
  A centaur (D:5)
  A hound (D:5)
  An orc wizard (D:2)
  An iguana (D:5)
  2 worker ants
  A hound skeleton (D:4)
  2 adders
  9 gnolls
  A white imp (D:5)
  An adder zombie (D:5)
  An adder skeleton (D:5)
  A worm (D:3)
  2 dart slugs
  2 leopard geckos
  15 orcs
  2 giant cockroaches (D:2)
  7 goblins
  4 hobgoblins
  11 jackals
  A quokka (D:3)
  2 ball pythons
  7 bats
  5 frilled lizards
  6 kobolds
  4 rats
94 creatures vanquished.

Notes
Turn   | Place    | Note
-------+----------+-------------------------------------------
     0 | D:1      | lunkers the Ogre Fighter began the quest for the Orb.
     0 | D:1      | Reached XP level 1. HP: 24/24 MP: 1/1
   242 | D:1      | Reached XP level 2. HP: 32/32 MP: 2/2
   415 | D:1      | Reached XP level 3. HP: 40/40 MP: 3/3
   862 | D:2      | Found a sacrificial altar of Ru.
   885 | D:2      | Reached XP level 4. HP: 24/49 MP: 4/4
   891 | D:2      | Became a worshipper of Ru the Awakened
  1097 | D:2      | Found a faded altar of an unknown god.
  1438 | D:2      | Found a broken altar of Ashenzari.
  1472 | D:2      | Reached skill level 5 in Fighting
  1557 | D:2      | Found an opulent altar of Gozag.
  1561 | D:2      | Found Gozag's Platinum Reserve.
  2453 | D:3      | Reached XP level 5. HP: 48/57 MP: 5/5
  2958 | D:3      | Gained mutation: You are somewhat unskilled. (-1 Apt) [Ru
                  | sacrifice]
  2958 | D:3      | Reached * piety under Ru
  3354 | D:4      | Noticed an ogre
  3362 | D:4      | Killed an ogre
  3362 | D:4      | Reached skill level 5 in Axes
  3362 | D:4      | Reached XP level 6. HP: 24/66 MP: 6/6
  3736 | D:4      | Found an ancient bone altar of Kikubaaqudgha.
  3853 | D:4      | Noticed a black bear
  3860 | D:4      | Killed a black bear
  4085 | D:4      | Found a broken altar of Ashenzari.
  4427 | D:5      | Entered Level 5 of the Dungeon
  4432 | D:5      | Reached XP level 7. HP: 75/75 MP: 7/7
  4575 | D:5      | Found a burning altar of Makhleb.
  5336 | D:5      | Gained mutation: You cannot train Dodging skill. [Ru
                  | sacrifice]
  5336 | D:5      | Reached ** piety under Ru
  5336 | D:5      | Reached *** piety under Ru
  5561 | D:5      | HP: 3/76 [centaur/+1 vampiric rapier (12)]
  5568 | D:5      | Slain by a bullfrog zombie

Illustrated notes

Levels and vault maps discovered:
D:1:      minmay_arrival_cross, layout_basic, st_stairs_12
D:2:      layout_loops_ring, nicolae_ru_great_annihilating_truth,
          nicolae_gozag_zags_fifth_avenue, lemuel_round_altar,
          chequers_ecumenical_altar_island
D:3:      layout_rooms
D:4:      layout_layer_cave, kiku_gazebo_pond_becter, ashenzari_altar_1
D:5:      layout_basic, old_standard_altar, nicolae_overflow_hidden_temple,
          okawaru_trees_1

Skill      XL: |  1  2  3  4  5  6  7 |
---------------+----------------------+-----
Axes           | 3 4 5 6 |  6.6
Fighting       | 5 6 |  6.9
Dodging        | 0 |  0.0
Shields        | |  2.4

Action                   |  1- 3 |  4- 6 |  7- 9 || total
-------------------------+-------+-------+-------++-------
Melee: War axe           |    62 |   159 |    74 ||   295
Throw: Stone             |    32 |    35 |    39 ||   106
Invok: Sacrifice Skill   |       |     1 |       ||     1
       Sacrifice Nimblen |       |       |     1 ||     1
Evoke: Wand              |       |       |     1 ||     1
Armor: Robe              |    31 |    34 |     8 ||    73
Dodge: Dodged            |    34 |    67 |    25 ||   126
Block: Kite shield       |    28 |    84 |    20 ||   132

Table legend: (Time is in decaauts)
 A = Elapsed time spent in this place.
 B = Non-inter-level travel time spent in this place.
 C = Inter-level travel time spent in this place.
 D = Time resting spent in this place.
 E = Time spent auto-exploring this place.
 F = Levels seen in this place.
 G = Mean time per level.
                   A        B        C        D        E       F      G
               +--------+--------+--------+--------+--------+-----+--------+
         Total |   5691 |   5526 |    165 |    350 |   4313 |   5 | 1138.2 |
       Dungeon |   5691 |   5526 |    165 |    350 |   4313 |   5 | 1138.2 |
               +--------+--------+--------+--------+--------+-----+--------+

Top non-repeatable levels by time:
     D:2: 1489 daAuts
     D:4: 1295 daAuts
     D:5: 1166 daAuts
     D:1: 877 daAuts
     D:3: 862 daAuts
